 Dungeon Crawl Stone Soup version 0.28.0-45-g0d030f2227 (webtiles) character file.

Game seed: 15790481545268838020

545 styxcanada the Covert (level 7, -3/33 (35) HPs)
             Began as a Spriggan Brigand on Apr 18, 2022.
             Was an Initiate of Gozag.
             Killed by divine providence
             ... invoked by an orc priest
              (13 damage)
             ... on level 4 of the Dungeon on Apr 19, 2022.
             The game lasted 00:17:13 (3449 turns).

styxcanada the Covert (Spriggan Brigand)            Turns: 3449, Time: 00:17:14

HP:   -3/33 (35)    AC:  5    Str:  7    XL:     7   Next: 6%
MP:   11/11         EV: 18    Int: 13    God:    Gozag
Gold: 34            SH:  0    Dex: 18    Spells: 7/10 levels left

rFire   . . .      SeeInvis +   r - +9 mace "Ymniycw" {flame, Will++ rCorr SInv}
rCold   . . .      Faith    .   (no shield)
rNeg    . . .      Spirit   .   b - +0 robe
rPois   +          Reflect  .   (helmet restricted)
rElec   .          Harm     .   s - +2 cloak {rPois}
rCorr   +          Rampage  .   (gloves unavailable)
Will    +++..                   (boots unavailable)
Stlth   ++++......              (no amulet)
HPRegen 0.11/turn               (no ring)
MPRegen 0.12/turn               (no ring)

@: drained, very quick
A: very small, no large weapons, unfitting armour, see invisible, speed 3
a: Renounce Religion, Potion Petition, Call Merchant, Bribe Branch


You were on level 4 of the Dungeon.
You worshipped Gozag.
Gozag was noncommittal.
You visited 2 branches of the dungeon, and saw 5 of its levels.

You collected 132 gold pieces.
You spent 45 gold pieces at shops.
You paid 53 gold pieces to Gozag.

Inventory:

Hand Weapons
 a - a +2 dagger
 e - a +3 quarterstaff of chaos
 f - the +4 mace of the Witching Jester {freeze, Dex+6}
   (You found it on level 2 of the Dungeon)

   It freezes those it strikes, dealing additional cold damage.
   It can also slow down cold-blooded creatures.
   Dex:       It affects your dexterity (+6).
 i - a +2 dagger of venom
 r - the +9 mace "Ymniycw" (weapon) {flame, Will++ rCorr SInv}
   (You found it on level 2 of the Dungeon)

   It burns those it strikes, dealing additional fire damage.
   SInv:      It lets you see invisible.
   rCorr:     It protects you from acid and corrosion.
   Will:      It greatly increases your willpower.
Missiles
 d - 5 poisoned darts (quivered)
 k - 20 stones
Armour
 b - a +0 robe (worn)
 s - a +2 cloak of poison resistance (worn)
Jewellery
 g - a ring of protection from cold
 q - a ring of fire
Scrolls
 c - a scroll of identify
Potions
 h - 2 potions of curing
 j - a potion of might
 o - a potion of lignification


   Skills:
 * Level 2.5 Fighting
 + Level 3.0 Short Blades
 + Level 0.2 Maces & Flails
 + Level 2.5 Throwing
 * Level 3.6 Dodging
 * Level 9.3 Stealth
 * Level 2.3 Spellcasting
 * Level 1.2 Conjurations
 * Level 1.3 Fire Magic


You had 7 spell levels left.
You knew the following spells:

 Your Spells              Type           Power      Damage    Failure   Level
a - Conjure Flame         Conj/Fire      4%         6-21      41%         3

Your spell library contained the following spells:

 Spells                   Type           Power      Damage    Failure   Level
 Blink                    Tloc           2%         N/A       36%         2
 Ignite Poison            Fire/Tmut/Pois 2%         N/A       52%         3
 Gell's Gravitas          Tloc           1%         N/A       58%         3
 Lesser Beckoning         Tloc           1%         N/A       58%         3
 Teleport Other           Tloc           1%         N/A       58%         3
 Sticky Flame             Conj/Fire      4%         2d3       82%         4
 Manifold Assault         Tloc           1%         N/A       100%        5


Dungeon Overview and Level Annotations

Branches:
Dungeon (4/15)             Temple (1/1) D:4

Altars:
Ashenzari
Cheibriados
Dithmenos
Fedhas
Gozag
Hepliaklqana
Kikubaaqudgha
Makhleb
Qazlal
Trog
Uskayaw
Vehumet
Xom
Yredelemnul
Zin

Shops:
D:2 *(*


Innate Abilities, Weirdness & Mutations

You are very small and have problems with some larger weapons.
You are too small for most types of armour.
You have supernaturally acute eyesight. (SInv)
You cover ground extremely quickly. (Speed+++)


Message History

The adder barely misses you.
You miss the adder.
The adder is severely wounded.
The adder is no longer distracted by gold.
The adder closely misses you.
The gnoll hits you from afar with a +2 vampiric spear.
The adder barely misses you.
You thump the adder! You burn the adder.
You kill the adder!
The gnoll barely misses you. The adder barely misses you.
The gnoll hits you from afar with a +0 spear!
The gnoll barely misses you.
You sock the adder! You burn the adder.
You kill the adder!
The gnoll throws a throwing net.
The throwing net closely misses you. The gnoll hits you but does no damage.
The gnoll completely misses you. The gnoll misses you.
The adder skeleton is distracted by your dazzling golden aura.
You see here a throwing net.
An orc priest and 2 orcs come into view.
The orc priest is wielding a +0 falchion of draining.
The orc priest shouts!
The orc shouts!
The orc priest is distracted by your dazzling golden aura.
The orc priest shouts!
The orc shouts!
You hit the orc priest but do no damage.
The orc priest is no longer distracted by gold.
The orc priest completely misses you.
You completely miss the orc priest.
The orc priest hits you with a +0 falchion of draining.
You feel drained. The gnoll misses you.
You barely miss the orc.
The gnoll hits you from afar with a +0 spear.
* * * LOW HITPOINT WARNING * * *
The gnoll closely misses you. The orc misses you.
You barely miss the orc.
The orc priest calls down the wrath of Beogh upon you.
Beogh smites you!
You die...
Your body crumbles into a pile of gold.

#.#..# #.........# ..)..#
##.......$.# ...#<# #.....(....#
.....# #.....>....# ...#.#
####g$...###### .###.#
#.g$.Z...####### .....#
#(##.....##..... ######
#########g##.....##.♣.♣. ....
....ooo@...........gS>g.
##################.##.†......♣.♣.
.................#.##.....##..g..
################.#.#####+#.+.....
# #...........#..... #
##.######.######## # #..#
#.........# # ##.## #.........#
#..# #.........#


You could see an orc priest, a gnoll and 2 orcs.

Vanquished Creatures
  Menkaure (D:4)
  A black bear (D:4)
  2 hounds (D:4)
  A jelly (D:4)
  A bullfrog skeleton (D:3)
  Crazy Yiuf (D:2)
  Terence (D:3)
  Natasha (twice) (D:3)
  A gnoll (D:4)
  3 adders
  An adder skeleton (D:4)
  A worm (D:4)
  A dart slug (D:1)
  3 orcs (D:4)
  5 ball pythons
  7 endoplasms
  4 giant cockroaches
  7 goblins
  5 hobgoblins
  6 jackals
  3 kobolds
  2 quokkas
  3 bats (D:2)
  9 frilled lizards
  4 rats
75 creatures vanquished.

Vanquished Creatures (others)
  A fungus (D:2)
1 creature vanquished.

Grand Total: 76 creatures vanquished

Notes
Turn   | Place    | Note
-------+----------+-------------------------------------------
     0 | D:1      | styxcanada the Spriggan Brigand began the quest for the
                  | Orb.
     0 | D:1      | Reached XP level 1. HP: 10/10 MP: 2/2
    27 | D:1      | Reached skill level 6 in Stealth
   169 | D:1      | Found a faded altar of an unknown god.
   172 | D:1      | Reached XP level 2. HP: 14/14 MP: 3/3
  1101 | D:2      | Found Puemynec's General Store.
  1129 | D:2      | Reached skill level 7 in Stealth
  1129 | D:2      | Reached XP level 3. HP: 18/18 MP: 4/4
  1438 | D:2      | Found Vihadum's Assorted Antiques.
  1445 | D:2      | Bought a cyan potion for 21 gold pieces
  1445 | D:2      | Bought a scroll labelled QUPLIQILLU for 24 gold pieces
  1509 | D:2      | Found Zuomnum's Antique Weapon Shoppe.
  1527 | D:2      | Learned a level 3 spell: Conjure Flame
  1819 | D:2      | Found a runed translucent door.
  1820 | D:2      | Identified the +4 mace of the Witching Jester {freeze,
                  | Dex+6}
  1820 | D:2      | Noticed Crazy Yiuf
  1822 | D:2      | Identified the +9 mace "Ymniycw" {flame, Will++ rCorr SInv}
  2287 | D:2      | Killed Crazy Yiuf
  2288 | D:2      | Reached XP level 4. HP: 23/23 MP: 4/6
  2438 | D:3      | Reached skill level 1 in Spellcasting
  2496 | D:3      | Noticed Terence
  2503 | D:3      | Killed Terence
  2504 | D:3      | Reached XP level 5. HP: 26/26 MP: 7/7
  2755 | D:3      | Noticed Natasha
  2762 | D:3      | Killed Natasha
  2764 | D:3      | Reached skill level 8 in Stealth
  3047 | D:3      | Noticed Natasha
  3059 | D:3      | Killed Natasha
  3211 | D:4      | Reached skill level 1 in Fire Magic
  3216 | D:4      | Reached XP level 6. HP: 31/31 MP: 9/9
  3253 | D:4      | Noticed Menkaure
  3260 | D:4      | Killed Menkaure
  3261 | D:4      | Reached skill level 9 in Stealth
  3261 | D:4      | Reached skill level 1 in Conjurations
  3310 | D:4      | Found a staircase to the Ecumenical Temple.
  3314 | D:4      | Reached XP level 7. HP: 35/35 MP: 9/11
  3322 | Temple   | Entered the Ecumenical Temple
  3377 | Temple   | Became a worshipper of Gozag Ym Sagoz the Greedy
  3449 | D:4      | Killed from afar by an orc priest

Illustrated notes

Levels and vault maps discovered:
D:1:      dpeg_arrival_stonehenge_8_columns, layout_loops_ring,
          shapermc_ecumenical_altar_flowoftime, minmay_lizard_pond
D:2:      layout_rooms, serial_shops, shop, nicolae_shop_advertising_works
          [nicolae_subvault_shop_adworks], nicolae_shop_hallway_plus,
          uniq_crazy_yiuf_cottage
D:3:      layout_loops_ring, uniq_natasha, uniq_terence
D:4:      layout_basic, okawaru_metal_pillars_1_2, mainiacjoe_overflow_24_doors,
          general_overflow_altar, minmay_temple_entry_trees,
          cheibrodos_sewer_entry_bend, uniq_menkaure
Temple:   nicolae_temple_elliptical

Skill      XL: |  1  2  3  4  5  6 |
---------------+-------------------+-----
Stealth        | 6 7 8 9 |  9.3
Dodging        | 2 3 |  3.6
Fighting       | 2 |  2.5
Spellcasting   | 1 2 |  2.3
Fire Magic     | 1 |  1.3
Conjurations   | 1 |  1.2
Short Blades   | 3 |  3.0
Maces & Flails | |  0.2
Throwing       | |  2.5

Action                   |  1- 3 |  4- 6 |  7- 9 || total
-------------------------+-------+-------+-------++-------
Melee: Dagger            |   118 |    50 |     4 ||   172
       Punch             |     1 |     3 |       ||     4
       Mace              |       |    16 |     9 ||    25
Throw: Dart              |    34 |       |     1 ||    35
  Use: Scroll            |     4 |     8 |       ||    12
       Potion            |     1 |       |       ||     1
 Stab: Sleeping          |    11 |    13 |       ||    24
Armor: Robe              |    14 |     5 |     1 ||    20
Dodge: Dodged            |    95 |    32 |    18 ||   145
